 Dungeon Crawl Stone Soup version 0.30-a0-272-gf98c3da03f (webtiles) character file.

Game seed: 11533545840493723650

1645 dexuwu the Trooper (level 8, -3/73 HPs)
             Began as a Green Draconian Berserker on Oct 15, 2022.
             Was an Elder of Trog.
             Slain by a killer bee (8 damage)
             ... on level 7 of the Dungeon.
             The game lasted 00:29:28 (6137 turns).

dexuwu the Trooper (Green Draconian Berserker)      Turns: 6137, Time: 00:29:31

Health: -3/73      AC:  6    Str: 26    XL:     8   Next: 67%
Magic:  8/8        EV: 14    Int:  7    God:    Trog [****..]
Gold:   349        SH:  0    Dex: 14    Spells: 7/7 levels left

rFire   . . .      SeeInvis .    n - +8 mace "Visetzoe" {flame, rCorr Str+4 Dex+3}
rCold   + . .      Faith    .    (no shield)
rNeg    + . .      Spirit   .    (body armour unavailable)
rPois   +          Reflect  .    (helmet restricted)
rElec   .          Harm     .    (no cloak)
rCorr   +          Rampage  .    (no gloves)
Will    .....                    (no boots)
Stlth   ++........               (no amulet)
HPRegen 0.32/turn                G - ring of protection from cold
MPRegen 0.11/turn                J - ring of positive energy

@: lethally poisoned (-3 -> -8)
A: breathe noxious fumes, AC +6, unfitting armour, poison resistance,
cold-blooded
a: Breathe Noxious Fumes, Renounce Religion, Berserk, Trog's Hand, Brothers in
Arms


You were on level 7 of the Dungeon.
You worshipped Trog.
Trog was greatly pleased with you.
You visited 1 branch of the dungeon, and saw 7 of its levels.
You also visited: Sewer.

You collected 369 gold pieces.
You spent 20 gold pieces at shops.

Inventory:

Hand Weapons
 n - the +8 mace "Visetzoe" (weapon) {flame, rCorr Str+4 Dex+3}
   (You found it on level 2 of the Dungeon)

   It burns those it strikes, dealing additional fire damage.
   Str:       It affects your strength (+4).
   Dex:       It affects your dexterity (+3).
   rCorr:     It protects you from acid and corrosion.
 r - the +9 dagger "Killer Bee's Bane" {vorpal, rElec Stlth+}
   (You found it on level 3 of the Dungeon)

   It inflicts extra damage upon your enemies.
   rElec:     It insulates you from electricity.
   Stlth:     It makes you more stealthy.
 H - a +1 flail of protection
Jewellery
 f - an amulet of faith
 G - a ring of protection from cold (left hand)
 J - a ring of positive energy (right hand)
Wands
 z - a wand of mindburst (2)
 A - a wand of polymorph (15)
Scrolls
 i - 4 scrolls of identify
 m - a scroll of magic mapping {unknown}
 p - a scroll of teleportation {unknown}
 t - 4 scrolls of enchant weapon
 u - 2 scrolls of amnesia {unknown}
 v - 3 scrolls of fear
 x - 2 scrolls of blinking {unknown}
 y - a scroll of silence {unknown}
 B - a scroll of acquirement {unknown}
 D - a scroll of brand weapon {unknown}
 E - a scroll of fog {unknown}
 F - 2 scrolls of poison
Potions
 a - a potion of resistance {unknown}
 b - a potion of attraction {unknown}
 c - 2 potions of heal wounds
 d - 8 potions of curing
 e - 2 potions of flight {unknown}
 j - a potion of lignification {unknown}
 s - 2 potions of might
 w - a potion of berserk rage {unknown}
 C - 3 potions of degeneration
 I - a potion of invisibility {unknown}


   Skills:
 * Level 7.1 Fighting
 + Level 6.8 Maces & Flails
 - Level 4.3 Polearms
 + Level 5.5 Dodging
 - Level 0.7 Stealth


You had 7 spell levels left.
You didn't know any spells.
Your spell library contained the following spells:

 Spells                   Type           Power      Damage    Failure   Level
 Shock                    Conj/Air       0%         1d3       43%         1
 Swiftness                Air            0%         N/A       80%         3
 Airstrike                Air            0%         2d(0-16)  99%         4
 Summon Ice Beast         Ice/Summ       0%         N/A       99%         4
 Summon Mana Viper        Hex/Summ       0%         N/A       100%        5
 Monstrous Menagerie      Summ           0%         N/A       100%        7


Dungeon Overview and Level Annotations

Branches:
Dungeon (7/15)             Temple (0/1) D:5           Sewer (visited)

Altars:
Ashenzari
Cheibriados
Xom

Shops:
D:3 ?*[[*   D:5 *


Innate Abilities, Weirdness & Mutations

You can breathe blasts of noxious fumes.
Your lurid green scales are hard. (AC +6)
You cannot fit into any form of body armour.
Your system is resistant to poisons. (rPois)
You are cold-blooded and may be slowed by cold attacks.


Message History

* * * LOW HITPOINT WARNING * * *
The killer bee closely misses you. The killer bee barely misses you.
The killer bee closely misses you. The killer bee misses you.
You feel better. The killer bee closely misses you. The killer bee stings you.
The killer bee barely misses you. The killer bee completely misses you.
The killer bee barely misses you. x2
The killer bee stings you but does no damage.
The killer bee closely misses you.
Found a scroll labelled CUOSOD HUOHA.
The killer bee closely misses you. The killer bee misses you.
The killer bee barely misses you. x2
The killer bee stings you.
* * * LOW HITPOINT WARNING * * *
The killer bee stings you.
* * * LOW HITPOINT WARNING * * *
The killer bee barely misses you.
You see here a killer bee corpse.
You feel much better. The killer bee closely misses you.
The killer bee barely misses you. x3; The killer bee misses you.
The killer bee closely misses you. The killer bee stings you. x2
You barely miss the killer bee.
Your tail-slap misses the killer bee.
The killer bee barely misses you. The killer bee completely misses you.
The killer bee barely misses you. The killer bee misses you.
The killer bee stings you but does no damage.
The killer bee misses you. x2; The killer bee closely misses you.
The killer bee barely misses you. x4
You miss the killer bee. The killer bee barely misses you. x2
The killer bee misses you. The killer bee stings you!
* * * LOW HITPOINT WARNING * * *
You are poisoned.
The killer bee poisons you! The killer bee stings you.
* * * LOW HITPOINT WARNING * * *
The killer bee completely misses you. The killer bee closely misses you.
The killer bee stings you but does no damage.
You sock the killer bee! You burn the killer bee.
The killer bee is almost dead.
You feel sick. The killer bee stings you.
* * * LOW HITPOINT WARNING * * *
The killer bee barely misses you. The killer bee closely misses you.
The killer bee stings you!
You die...

.... ... . .$#
.# ..#..#
####..#..#
#.###.?......#
#!$.........#
#...y@y.###
#.#?#yy...#
#.#.#(..###
#..<......#
###.#...#.#
#.....# #
####.## .. .#


You could see 4 killer bees.

Vanquished Creatures
  A water moccasin (D:6)
  A sky beast (D:6)
  2 ogres
  A centaur (D:6)
  A bullfrog (D:6)
  3 necrophages
  3 scorpions
  3 killer bees
  A jelly (D:6)
  2 orc priests (D:5)
  7 hounds
  Ijyb (D:3)
  2 iguanas
  12 adders
  2 gnolls (D:6)
  A shadow imp (D:5)
  2 white imps
  5 dart slugs
  9 orcs
  8 endoplasms
  3 giant cockroaches
  7 goblins
  7 hobgoblins
  11 jackals
  4 kobolds
  5 quokkas
  9 ball pythons
  3 bats
  9 frilled lizards
  11 rats
136 creatures vanquished.

Vanquished Creatures (others)
  A plant (D:1)
1 creature vanquished.

Grand Total: 137 creatures vanquished

Notes
Turn   | Place    | Note
-------+----------+-------------------------------------------
     0 | D:1      | dexuwu the Draconian Berserker began the quest for the Orb.
     0 | D:1      | Reached XP level 1. HP: 19/19 MP: 1/1
   829 | D:1      | Reached XP level 2. HP: 26/26 MP: 2/2
  1395 | D:2      | Reached XP level 3. HP: 33/33 MP: 3/3
  1611 | D:2      | Reached ** piety under Trog
  1674 | D:2      | Identified the +8 mace "Visetzoe" {flame, rCorr Str+4
                  | Dex+3}
  1955 | D:3      | You fall into a shaft and drop 1 floor!
  2012 | D:3      | Found Sajyis's General Store.
  2019 | D:3      | Identified the +9 dagger "Killer Bee's Bane" {vorpal, rElec
                  | Stlth+}
  2116 | D:3      | Reached XP level 4. HP: 40/40 MP: 4/4
  2157 | D:3      | Found a glowing drain.
  2163 | Sewer    | Entered a sewer
  2285 | Sewer    | Reached skill level 4 in Fighting
  2493 | Sewer    | Reached skill level 1 in Maces & Flails
  2723 | D:3      | Found Heqah's Magic Scroll Boutique.
  2731 | D:3      | Noticed Ijyb
  2742 | D:3      | Killed Ijyb
  2743 | D:3      | Reached XP level 5. HP: 24/46 MP: 5/5
  2952 | D:3      | Found Ecadd's General Store.
  2981 | D:3      | Bought a scroll of identify for 20 gold pieces
  3068 | D:3      | Found Deafin's Antique Armour Emporium.
  3119 | D:3      | Found Paumiqawo's Antique Armour Shop.
  3141 | D:3      | Found a broken altar of Ashenzari.
  3703 | D:4      | Reached *** piety under Trog
  3797 | D:4      | Reached XP level 6. HP: 49/53 MP: 6/6
  4081 | D:4      | Reached skill level 5 in Fighting
  4410 | D:5      | Entered Level 5 of the Dungeon
  4455 | D:5      | Found a staircase to the Ecumenical Temple.
  4490 | D:5      | Your scales start taking on a lurid green colour.
  4490 | D:5      | Reached XP level 7. HP: 61/61 MP: 7/7
  4490 | D:5      | Gained mutation: Your system is resistant to poisons.
                  | (rPois) [Green Draconian growth]
  4812 | D:5      | Found Nuramif's Fire Supplies.
  5411 | D:6      | Reached skill level 6 in Fighting
  5411 | D:6      | Reached skill level 5 in Maces & Flails
  5491 | D:6      | Found a snail-covered altar of Cheibriados.
  5543 | D:6      | Reached XP level 8. HP: 69/70 MP: 8/8
  5607 | D:6      | Reached skill level 5 in Dodging
  5731 | D:6      | Reached **** piety under Trog
  5911 | D:6      | Reached skill level 7 in Fighting
  5974 | D:6      | Found a shimmering altar of Xom.
  6137 | D:7      | Slain by a killer bee

Illustrated notes

Levels and vault maps discovered:
D:1:      lightli_arrival_windingriver, layout_loops_ring,
          hangedman_decor_diamond_cutter, due_unseen_surprise
D:2:      layout_rooms, minmay_crystal_water, grunt_decor_one_mirror
D:3:      layout_rooms, nicolae_ashenzari_panopticon, serial_shops, shop, shop,
          nicolae_shop_window_shopping, shop, shop, gup_sewer_entry_spiral,
          chequers_serial_rivers_micro_b, interstate_on_off, uniq_ijyb
D:4:      layout_loops_ring, minmay_misc_feat_alley
D:5:      layout_basic, minmay_temple_entry_stoned_glass,
          nicolae_kite_square_tiling_tiny, nicolae_shop_fire_sale
          [nicolae_sub_dead_trees], kennysheep_generic_room_13
D:6:      layout_cave_pools, tgw_xom, kennysheep_slug_shrine, chequers_jeans
D:7:      cheibrodos_iron_armory, layout_loops_ring, kennysheep_mini_moat

Skill      XL: |  1  2  3  4  5  6  7  8 |
---------------+-------------------------+-----
Dodging        | 3 4 5 |  5.5
Polearms       | 4 |  4.3
Fighting       | 4 5 6 7 |  7.1
Maces & Flails | 1 2 3 5 6 |  6.8
Stealth        | |  0.7

Action                   |  1- 3 |  4- 6 |  7- 9 || total
-------------------------+-------+-------+-------++-------
Melee: Spear             |   128 |       |       ||   128
       Tailslap          |    10 |     5 |    14 ||    29
       Punch             |     2 |       |     2 ||     4
       Mace              |    22 |    87 |   100 ||   209
  Use: Scroll            |       |     3 |     4 ||     7
       Potion            |       |       |     2 ||     2
 Stab: Sleeping          |       |     1 |     1 ||     2
Armor: Skin              |    43 |    41 |    40 ||   124
Dodge: Dodged            |   119 |    90 |   165 ||   374

Table legend: (Time is in decaauts)
 A = Elapsed time spent in this place.
 B = Non-inter-level travel time spent in this place.
 C = Inter-level travel time spent in this place.
 D = Time resting spent in this place.
 E = Time spent auto-exploring this place.
 F = Levels seen in this place.
 G = Mean time per level.
                   A        B        C        D        E       F      G
               +--------+--------+--------+--------+--------+-----+--------+
         Total |   6324 |   6201 |    123 |   1110 |   2918 |   8 |  790.5 |
       Dungeon |   5884 |   5761 |    123 |   1110 |   2728 |   7 |  840.6 |
         Sewer |    440 |    440 |      0 |      0 |    189 |   1 |  440.0 |
               +--------+--------+--------+--------+--------+-----+--------+

Top non-repeatable levels by time:
     D:1: 1369 daAuts
     D:3: 1320 daAuts
     D:5: 987 daAuts
     D:4: 857 daAuts
     D:6: 747 daAuts
     D:2: 586 daAuts
   Sewer: 440 daAuts
     D:7: 16 daAuts
